 Dungeon Crawl Stone Soup version 0.28-a0-915-gcd63401287 (webtiles) character file.

Game seed: 17900969598598484898

1588 funkygono the Basher (level 8, -12/49 HPs)
             Began as a Gargoyle Fighter on Nov 25, 2021.
             Was an Initiate of Okawaru.
             Killed by divine providence
             ... invoked by an orc priest
              (15 damage)
             ... on level 6 of the Dungeon.
             The game lasted 00:08:51 (5408 turns).

funkygono the Basher (Gargoyle Fighter)             Turns: 5408, Time: 00:08:51

Health: -12/49     AC: 25    Str: 25    XL:     8   Next: 92%
Magic:  8/8        EV: 11    Int:  9    God:    Okawaru [......]
Gold:   71         SH:  4    Dex:  9    Spells: 7/7 levels left

rFire   . . .      SeeInvis .   q - +1 mace (drain)
rCold   . . .      Faith    .   c - +0 buckler
rNeg    + + .      Spirit   .   f - +0 plate armour
rPois   ∞          Reflect  .   j - +0 helmet
rElec   +          Harm     .   p - +0 cloak
rCorr   .          Rampage  .   l - +1 pair of gloves {Str+3}
Will    .....                   u - +1 pair of boots
Stlth   ..........              w - amulet of the acrobat
HPRegen 0.16/turn               x - ring of Compulsion {rElec rPois rN+ EV+4 Stlth-}
MPRegen 0.11/turn               (no ring)

@: no status effects
A: sickness immunity, AC +5, negative energy resistance 1, electricity
resistance, torment resistance 1, petrification resistance
a: Renounce Religion


You were on level 6 of the Dungeon.
You worshipped Okawaru.
Okawaru was noncommittal.
You visited 2 branches of the dungeon, and saw 7 of its levels.

You collected 258 gold pieces.
You spent 187 gold pieces at shops.

Inventory:

Hand Weapons
 k - a +0 whip of electrocution
 o - a +4 quarterstaff of chaos
 q - a +1 mace of draining (weapon)
Missiles
 m - 145 stones (quivered)
 s - 28 sling bullets
 B - 4 atropa-tipped darts
Armour
 b - a +0 scale mail
 c - a +0 buckler (worn)
 f - a +0 plate armour (worn)
 g - a +0 pair of gloves
 j - a +0 helmet (worn)
 l - a +1 pair of gloves of strength (worn)
 p - a +0 cloak (worn)
 u - a +1 pair of boots (worn)
Magical Staves
 i - a staff of earth
Jewellery
 w - an amulet of the acrobat (around neck)
 x - the ring of Compulsion (left hand) {rElec rPois rN+ EV+4 Stlth-}
   (You found it on level 4 of the Dungeon)

   [ring of evasion]

   EV:        It affects your evasion (+4).
   rElec:     It insulates you from electricity.
   rPois:     It protects you from poison.
   rN:        It protects you from negative energy.
   Stlth:     It makes you less stealthy.
Wands
 r - a wand of polymorph (1)
 D - a wand of flame (12)
Scrolls
 a - 2 scrolls of magic mapping
 y - a scroll of teleportation
 z - a scroll of blinking
 C - a scroll of amnesia
Potions
 d - a potion of might
 e - 4 potions of curing
 h - a potion of flight
 n - 2 potions of attraction
 t - a potion of cancellation
 v - a potion of brilliance {unknown}


   Skills:
 + Level 5.3 Fighting
 + Level 8.3 Maces & Flails
 + Level 5.9 Armour
 + Level 1.5 Dodging
 + Level 5.0 Shields
 + Level 0.9 Unarmed Combat


You had 7 spell levels left.
You didn't know any spells.
Your spell library contained the following spells:

 Spells                   Type           Power      Damage    Failure   Level
 Magic Dart               Conj           0%         1d3       99%         1
 Mephitic Cloud           Conj/Pois/Air  0%         N/A       100%        3
 Portal Projectile        Hex/Tloc       0%         N/A       100%        3
 Leda's Liquefaction      Hex/Erth       0%         N/A       100%        4
 Call Imp                 Summ           Unusable   N/A       N/A         2
 Call Canine Familiar     Summ           Unusable   N/A       N/A         3

Dungeon Overview and Level Annotations

Branches:
Dungeon (6/15)             Temple (1/1) D:5

Altars:
Ashenzari
Cheibriados
Dithmenos
Elyvilon
Fedhas
Gozag
Hepliaklqana
Kikubaaqudgha
Okawaru
Qazlal
Ru
Sif Muna
Trog
Uskayaw
Vehumet
Wu Jian
Xom
Yredelemnul
The Shining One

Shops:
D:4 [


Innate Abilities, Weirdness & Mutations

You are immune to sickness and miasma.
Your stone body is resilient. (AC +5)
You are immune to poison.
You resist negative energy. (rN+)
You are resistant to electric shocks. (rElec)
You are resistant to unholy torment.
You are immune to petrification.


Message History

The orc wizard hits you with a +0 dagger.
The orc wizard points at you and mumbles some strange words.
You resist with some effort.
The orc priest calls down the wrath of Beogh upon you.
Beogh smites you!
You hear a shout!
You barely miss the orc wizard. You block the orc wizard's attack.
You hit the orc wizard but do no damage.
You drain the orc wizard.
The orc wizard is lightly wounded.
You block the orc wizard's attack.
You sock the orc wizard!
You kill the orc wizard!
Okawaru accepts your kill.
Things that are here:
a +0 dagger; a +0 robe The orc priest invokes the aid of Beogh against you.
Beogh smites you!
An orc wizard comes into view. It is wielding a +0 dagger.
You block the orc priest's attack.
You barely miss the orc priest.
The orc priest hits you but does no damage.
You closely miss the orc priest.
The orc priest hits you but does no damage.
You barely miss the orc priest.
The orc priest hits you with a +0 dagger.
You barely miss the orc priest.
The orc priest looks braver for a moment.
You hit the orc priest. You drain the orc priest.
The orc priest is moderately wounded.
You barely miss the orc wizard.
The orc priest mumbles some strange prayers to Beogh against you.
Beogh smites you!
* * * LOW HITPOINT WARNING * * *
You hit the orc wizard.
The orc wizard is heavily wounded.
The orc wizard barely misses you.
The orc priest mumbles some strange prayers to Beogh against you.
Beogh smites you!
You die...

#..# #..#
#..#
#..###o.#
#...$...#
#.####.##
#o#
#########o#
#.....).@.#
#.#########
#<# ###


You could see an orc priest (drained) and an orc wizard.

Vanquished Creatures
  Sigmund (D:2)
  A shadow (D:5)
  A water moccasin (D:5)
  An orc warrior (D:5)
  A sky beast (D:5)
  A necrophage (D:5)
  A phantom (D:5)
  4 scorpions
  2 howler monkeys
  A bullfrog zombie (D:5)
  2 jellies
  Crazy Yiuf (D:3)
  A hound (D:5)
  Ijyb (D:3)
  A bullfrog skeleton (D:4)
  2 centaur skeletons
  Jessica (D:2)
  An iguana (D:4)
  An orc wizard (D:6)
  Robin (D:2)
  A howler monkey skeleton (D:4)
  5 adders
  An ufetubus (D:5)
  A dart slug (D:1)
  4 orcs
  16 endoplasms
  3 giant cockroaches
  12 goblins
  6 hobgoblins
  6 kobolds
  8 quokkas
  8 ball pythons
  11 bats
  8 frilled lizards
  3 rats
119 creatures vanquished.

Notes
Turn   | Place    | Note
-------+----------+-------------------------------------------
     0 | D:1      | funkygono the Gargoyle Fighter began the quest for the Orb.
     0 | D:1      | Reached XP level 1. HP: 14/14 MP: 1/1
   165 | D:1      | Reached XP level 2. HP: 16/19 MP: 2/2
   887 | D:1      | Reached XP level 3. HP: 23/23 MP: 3/3
  1602 | D:2      | Noticed Jessica
  1613 | D:2      | Killed Jessica
  1614 | D:2      | Reached skill level 3 in Maces & Flails
  1614 | D:2      | Reached XP level 4. HP: 25/29 MP: 4/4
  1764 | D:2      | Noticed Robin
  2185 | D:2      | Killed Robin
  2511 | D:2      | Noticed Sigmund
  2571 | D:2      | Killed Sigmund
  2572 | D:2      | Reached skill level 4 in Maces & Flails
  2572 | D:2      | Reached skill level 1 in Dodging
  2572 | D:2      | Reached XP level 5. HP: 24/33 MP: 5/5
  2572 | D:2      | Reached XP level 6. HP: 27/38 MP: 6/6
  2988 | D:3      | Found a runed translucent door.
  2989 | D:3      | Noticed Crazy Yiuf
  2998 | D:3      | Killed Crazy Yiuf
  3358 | D:3      | Found a faded altar of an unknown god.
  3390 | D:3      | Noticed Ijyb
  3403 | D:3      | Killed Ijyb
  3784 | D:4      | Reached skill level 5 in Maces & Flails
  3832 | D:4      | Found Ditrih's Antique Armour Shoppe.
  3835 | D:4      | Bought a pair of runed boots for 187 gold pieces
  3851 | D:4      | Reached XP level 7. HP: 44/44 MP: 7/7
  3881 | D:4      | Identified the ring of Compulsion {rElec rPois rN+ EV+4
                  | Stlth-}
  3890 | D:4      | Found a bloodstained altar of Trog.
  3950 | D:4      | Reached skill level 5 in Armour
  4212 | D:4      | Identified a scroll of acquirement
  4212 | D:4      | Acquired a +0 pair of gloves of strength
  4241 | D:5      | Entered Level 5 of the Dungeon
  4334 | D:5      | Reached skill level 6 in Maces & Flails
  4356 | D:5      | Found a snail-covered altar of Cheibriados.
  4362 | D:5      | Found a shimmering blue altar of Sif Muna.
  4455 | D:5      | Noticed a shadow
  4462 | D:5      | Reached XP level 8. HP: 43/48 MP: 8/8
  4466 | D:5      | Killed a shadow
  4467 | D:5      | Reached skill level 5 in Fighting
  4467 | D:5      | Reached skill level 7 in Maces & Flails
  4782 | D:5      | Reached skill level 8 in Maces & Flails
  4826 | D:5      | Found a staircase to the Ecumenical Temple.
  4985 | Temple   | Entered the Ecumenical Temple
  5017 | Temple   | Became a worshipper of Warmaster Okawaru
  5294 | D:5      | Reached skill level 5 in Shields
  5408 | D:6      | Killed from afar by an orc priest

Illustrated notes

Levels and vault maps discovered:
D:1:      lightli_arrival_maybe_door_vault, layout_loops_ring, minmay_3d_cube
D:2:      layout_basic, uniq_sigmund, uniq_robin, uniq_jessica
D:3:      layout_loops_ring, serial_glass, glass_columns_a, glass_columns_b,
          hellmonk_ecumenical_altar_arch_garden, minivault_23,
          uniq_crazy_yiuf_cottage, uniq_ijyb
D:4:      layout_basic, lemuel_crystal_altar, serial_shops, kennysheep_mini
D:5:      cheibrodos_iron_armory, layout_rooms, nicolae_overflow_squiral,
          minmay_temple_entry_sparse_star, kennysheep_potato
D:6:      layout_basic, uniq_duvessa, uniq_maggie
Temple:   eino_temple_rhombus

Skill      XL: |  1  2  3  4  5  6  7  8 |
---------------+-------------------------+-----
Maces & Flails | 3 4 5 6 8 |  8.3
Fighting       | 4 5 |  5.3
Armour         | 4 5 |  5.9
Dodging        | 1 |  1.5
Shields        | 4 5 |  5.0
Unarmed Combat | |  0.9

Action                   |  1- 3 |  4- 6 |  7- 9 || total
-------------------------+-------+-------+-------++-------
Melee: Flail             |   141 |    60 |       ||   201
       Whip              |       |    58 |       ||    58
       Mace              |       |    45 |   153 ||   198
       Unarmed           |       |     8 |       ||     8
Evoke: Wand              |       |       |     1 ||     1
  Use: Scroll            |     1 |     5 |     8 ||    14
Armor: Scale mail        |    51 |       |       ||    51
       Plate armour      |    48 |   130 |    65 ||   243
Dodge: Dodged            |    58 |    59 |    65 ||   182
Block: Buckler           |    27 |    35 |    28 ||    90

Table legend: (Time is in decaauts)
 A = Elapsed time spent in this place.
 B = Non-inter-level travel time spent in this place.
 C = Inter-level travel time spent in this place.
 D = Time resting spent in this place.
 E = Time spent auto-exploring this place.
 F = Levels seen in this place.
 G = Mean time per level.
                   A        B        C        D        E       F      G
               +--------+--------+--------+--------+--------+-----+--------+
         Total |   5479 |   5158 |    321 |    318 |   3622 |   7 |  782.7 |
       Dungeon |   5299 |   4988 |    311 |    318 |   3472 |   6 |  883.2 |
        Temple |    179 |    170 |      9 |      0 |    150 |   1 |  179.0 |
               +--------+--------+--------+--------+--------+-----+--------+

Top non-repeatable levels by time:
     D:1: 1814 daAuts
     D:2: 1218 daAuts
     D:3: 827 daAuts
     D:5: 817 daAuts
     D:4: 586 daAuts
  Temple: 179 daAuts
     D:6: 35 daAuts
